AoeStats
← Sodythaek

Arabia

510196783Analyzed
1v1 RM · 3d ago on Sep 29, 2026· 58m 39s· 2 players
Game mode
Random Map
Map size
Tiny (2 player)
Population
200
Speed
Normal
Resources
Standard
Victory
Conquest
Starting age
Dark Age
Ending age
Imperial Age
RankedLock teamsTeams togetherTeam positionsShared explorationLock speedFull tech treeHidden civsTurbo modeCheats
Victory
Defeat
🇺🇸 Aztecs · United States
1218
+18
🇫🇷 Spanish · France
1270
-18
ValleyMage
6:17 Loom
8:52 Feudal Age
9:33 Double-Bit Axe
12:38 Fletching
21:21 Padded Archer Armor
25:10 Castle Age
23:34 Arson
23:50 Scale Mail Armor
24:00 Forging
24:33 Horse Collar
25:13 Crossbowman
25:49 Bodkin Arrow
27:48 Gold Mining
34:34 Ballistics
34:26 Forging
34:31 Chain Mail Armor
33:49 Eagle Warrior
34:29 Squires
37:11 Iron Casting
39:00 Bow Saw
38:53 Heavy Plow
39:50 Wheelbarrow
39:43 Leather Archer Armor
44:48 Imperial Age
45:17 Elite Eagle Warrior
46:28 Plate Mail Armor
46:32 Conscription
46:47 Bracer
47:33 Arbalester
50:44 Chemistry
51:31 Blast Furnace
54:21 Hand Cart
53:52 Town Watch
56:59 Atlatl
56:42 Elite Skirmisher
Sodythaek
7:02 Loom
9:34 Feudal Age
10:37 Double-Bit Axe
16:40 Gold Mining
16:59 Horse Collar
19:03 Scale Barding Armor
21:03 Forging
30:40 Castle Age
29:47 Stone Mining
33:27 Bow Saw
33:18 Heavy Plow
35:59 Padded Archer Armor
37:06 Wheelbarrow
38:12 Bloodlines
38:02 Husbandry
40:14 Leather Archer Armor
45:57 Imperial Age
46:51 Elite Conquistador
48:06 Ring Archer Armor
48:13 Hand Cart
47:43 Town Watch
50:39 Two-Man Saw
50:03 Man-at-Arms
50:44 Squires
50:29 Arson
50:47 Scale Mail Armor
51:23 Iron Casting
51:31 Long Swordsman
52:18 Two-Handed Swordsman
54:22 Chain Mail Armor
55:07 Blast Furnace
54:16 Champion
57:45 Capped Ram
58:30 Pikeman
58:56 Gambesons
Connection lost

Rejoining the realm…

Still unreachable

The connection could not be restored.

Session expired

The server has moved on; the page needs a fresh start.